 Dungeon Crawl Stone Soup version 0.31-a0-23-gcbde74481b (webtiles) character file.

Game seed: 4202643037221112214

175 pk666 the Magician (level 5, -8/28 HPs)
             Began as a Deep Elf Hedge Wizard on May 13, 2023.
             Was an Initiate of Vehumet.
             Mangled by an ogre
             ... wielding a +0 giant club
              (24 damage)
             ... on level 4 of the Dungeon.
             The game lasted 00:10:00 (3571 turns).

pk666 the Magician (Deep Elf Hedge Wizard)          Turns: 3571, Time: 00:10:01

Health: -8/28      AC:  4    Str:  7    XL:     5   Next: 29%
Magic:  2/15       EV: 12    Int: 21    God:    Vehumet [......]
Gold:   8          SH:  0    Dex: 14    Spells: 9/15 levels left

rFire   . . .        g - +1 dagger (freeze)
rCold   . . .        (no shield)
rNeg    + . .        q - +0 robe {rN+}
rPois   +            b - +1 hat
rElec   .            (no cloak)
rCorr   .            (no gloves)
SInv    .            l - +0 pair of boots
Will    .....        (no amulet)
Stlth   ++           p - ring of poison resistance
HPRegen 0.24/turn    (no ring)
MPRegen 0.14/turn

%: no passive effects
@: no status effects
A: no striking features
a: Renounce Religion


You were on level 4 of the Dungeon.
You worshipped Vehumet.
Vehumet was noncommittal.
You visited 1 branch of the dungeon, and saw 5 of its levels.

You collected 85 gold pieces.
You spent 77 gold pieces at shops.

Inventory:

Hand Weapons
 g - a +1 dagger of freezing (weapon)
Armour
 b - a +1 hat (worn)
 l - a +0 pair of boots (worn)
 q - a +0 robe of positive energy (worn)
Magical Staves
 a - a staff of cold
Jewellery
 f - a ring of protection from cold
 p - a ring of poison resistance (left hand)
Scrolls
 c - 3 scrolls of magic mapping {unknown}
 h - 2 scrolls of identify {unknown}
 i - 6 scrolls of teleportation {unknown}
 k - 2 scrolls of blinking {unknown}
 m - a scroll of silence {unknown}
Potions
 d - 3 potions of magic
 e - 2 potions of curing {unknown}
 j - a potion of invisibility {unknown}
 n - a potion of flight {unknown}
 o - a potion of heal wounds {unknown}


   Skills:
 - Level 2.4 Dodging
 - Level 2.4 Stealth
 + Level 5.5 Spellcasting
 + Level 2.6 Conjurations
 - Level 1.1 Summonings
 - Level 2.8 Translocations
 + Level 1.7 Air Magic
 * Level 2.0 Poison Magic


You had 9 spell levels left.
You knew the following spells:

 Your Spells              Type           Power      Damage    Failure   Level
a - Magic Dart            Conj           68%        1d6       3%          1
b - Blink                 Tloc           34%        N/A       4%          2
c - Mephitic Cloud        Conj/Pois/Air  14%        N/A       13%         3

Your spell library contained the following spells:

 Spells                   Type           Power      Damage    Failure   Level
 Call Imp                 Summ           20%        N/A       10%         2
 Cigotuvi's Dreadful Rot  Necr/Pois/Air  22%        N/A       10%         2
 Slow                     Hex            20%        N/A       11%         1
 Stone Arrow              Conj/Erth      22%        3d8       19%         3
 Inner Flame              Hex/Fire       5%         N/A       30%         3
 Animate Armour           Summ/Erth      16%        N/A       63%         4
 Yara's Violent Unravell  Hex/Tmut       2%         3d3       96%         5
 Enfeeble                 Hex            2%         N/A       100%        7
 Lehudib's Crystal Spear  Conj/Erth      5%         10d3      100%        8


Dungeon Overview and Level Annotations

Branches:
Dungeon (5/15)
 Temple: D:4-7

Altars:
Cheibriados
Okawaru
Ru
Vehumet
Wu Jian
Xom

Shops:
D:1 [   D:3 ?[

Annotations:
D:2 1 runed translucent door, Crazy Yiuf
D:4 Natasha


Message History

Aiming: Magic Dart (safe; 3% risk of failure)
Press: ? - help, Shift-Dir - straight line, f/p - ogre
Aim: an ogre, wielding a +0 giant club (heavily wounded, 100% to hit)
The magic dart hits the ogre.
The ogre is heavily wounded.
Natasha drinks a potion.
Natasha's spells are empowered!
Casting: Magic Dart (safe; 3% risk of failure)
Confirm with . or Enter, or press ? or * to list all spells.
Aiming: Magic Dart (safe; 3% risk of failure)
Press: ? - help, Shift-Dir - straight line, f/p - ogre
Aim: an ogre, wielding a +0 giant club (heavily wounded, 100% to hit)
The magic dart hits the ogre.
The ogre is heavily wounded.
Casting: Magic Dart (safe; 3% risk of failure)
Confirm with . or Enter, or press ? or * to list all spells.
Aiming: Magic Dart (safe; 3% risk of failure)
Press: ? - help, Shift-Dir - straight line, f/p - ogre
Aim: an ogre, wielding a +0 giant club (heavily wounded, 100% to hit)
The magic dart hits the ogre.
The ogre is severely wounded.
Casting: Magic Dart (safe; 3% risk of failure)
Confirm with . or Enter, or press ? or * to list all spells.
Aiming: Magic Dart (safe; 3% risk of failure)
Press: ? - help, Shift-Dir - straight line, f/p - ogre
Aim: an ogre, wielding a +0 giant club (severely wounded, 100% to hit)
The magic dart hits the ogre.
The ogre is almost dead.
Natasha mumbles some strange words.
Casting: Magic Dart (safe; 3% risk of failure)
Confirm with . or Enter, or press ? or * to list all spells.
Aiming: Magic Dart (safe; 3% risk of failure)
Press: ? - help, Shift-Dir - straight line, f/p - ogre
Aim: an ogre, wielding a +0 giant club (almost dead, 100% to hit)
The magic dart hits the ogre.
The ogre is almost dead.
The ogre attacks as you move away! The ogre hits you with a +0 giant club!
The ogre attacks as you move away!
The ogre hits you with a +0 giant club!!
Ouch! That really hurt!
You die...

#.....#
#.........###
#####.#
#............ #.#
#..........## #.#
#............
#.#####..........##
#....)..)........#
#......####......#
#......# #.######
#..@...# #.#
#...O..# #.#
#......# #.#
#.....h####.#
#.......5...#
#......#####5......
#.>..$.# .......
#....... .......
###.###.# .......


You could see an ogre, Natasha (empowered) and a cerulean imp (summoned).

Vanquished Creatures
  An orc priest (D:3)
  Robin (D:2)
  3 gnolls (D:4)
  2 adders
  2 dart slugs
  4 orcs
  5 endoplasms
  4 giant cockroaches
  16 goblins
  8 hobgoblins
  4 jackals (D:2)
  2 quokkas
  6 ball pythons
  3 bats (D:1)
  3 frilled lizards
  6 kobolds
  3 rats
73 creatures vanquished.

Notes
Turn   | Place    | Note
-------+----------+-------------------------------------------
     0 | D:1      | pk666 the Deep Elf Hedge Wizard began the quest for the
                  | Orb.
     0 | D:1      | Reached XP level 1. HP: 10/10 MP: 7/7
    14 | D:1      | Noticed a centaur
   275 | D:1      | Reached XP level 2. HP: 15/15 MP: 4/9
   387 | D:1      | Found Ozxafy's Armour Emporium.
  1031 | D:2      | Learned a level 2 spell: Blink
  1095 | D:2      | Reached skill level 5 in Spellcasting
  1095 | D:2      | Reached XP level 3. HP: 19/19 MP: 3/11
  1193 | D:2      | Learned a level 3 spell: Mephitic Cloud
  1231 | D:2      | Noticed Robin
  1374 | D:2      | Found a faded altar of an unknown god.
  1439 | D:2      | Found a runed translucent door.
  1440 | D:2      | Noticed Crazy Yiuf
  1456 | D:2      | Found a snail-covered altar of Cheibriados.
  1982 | D:3      | Reached XP level 4. HP: 24/24 MP: 3/13
  2056 | D:3      | Found Mopeym's Magic Scroll Shoppe.
  2063 | D:3      | Found a shimmering altar of Xom.
  2124 | D:3      | Found a sacrificial altar of Ru.
  2193 | D:3      | You fall into a shaft and drop 2 floors!
  2193 | D:5      | Entered Level 5 of the Dungeon
  2334 | D:3      | Reached skill level 1 in Poison Magic
  2371 | D:3      | Found Quor's Antique Armour Shoppe.
  2371 | D:3      | Found an iron altar of Okawaru.
  2409 | D:3      | Bought a glowing robe for 77 gold pieces
  2493 | D:3      | Found a radiant altar of Vehumet.
  2500 | D:3      | Reached skill level 1 in Air Magic
  2521 | D:3      | Found an ornate altar of the Wu Jian Council.
  2524 | D:3      | Became a worshipper of Vehumet
  2690 | D:2      | Killed Robin
  3149 | D:3      | Reached XP level 5. HP: 28/28 MP: 8/15
  3430 | D:4      | Noticed an ogre
  3561 | D:4      | Noticed Natasha
  3571 | D:4      | Mangled by an ogre

Illustrated notes

Levels and vault maps discovered:
D:1:      evilmike_arrival_come_back, layout_rooms, serial_shops,
          nicolae_shop_tiny_waterfront, dk_noncrumbling_2
D:2:      layout_basic, shapermc_ecumenical_altar_mp_vishouse, basic_altar,
          uniq_crazy_yiuf_cottage, uniq_robin
D:3:      layout_basic, mainiacjoe_overflow_24_doors,
          mainiacjoe_overflow_catwalk, grunt_temple_overflow_open, serial_shops,
          shop, shop
D:4:      layout_basic, minmay_lizard_king, uniq_natasha
D:5:      layout_basic, minmay_temple_entry_antechambers, serial_shops,
          nicolae_shop_waterfront

Skill      XL: |  1  2  3  4  5 |
---------------+----------------+-----
Translocations | 2 |  2.8
Conjurations   | 2 |  2.6
Spellcasting   | 5 |  5.5
Poison Magic   | 1 2 |  2.0
Air Magic      | 1 |  1.7
Dodging        | |  2.4
Stealth        | |  2.4
Summonings     | |  1.1

Action                     |  1- 3 |  4- 6 || total
---------------------------+-------+-------++-------
  Melee: Dagger            |     4 |       ||     4
   Cast: Magic Dart        |   119 |    96 ||   215
         Blink             |     1 |       ||     1
         Mephitic Cloud    |       |     1 ||     1
 Armour: Robe              |    12 |     1 ||    13
  Dodge: Dodged            |    15 |    16 ||    31

Table legend: (Time is in decaauts)
 A = Elapsed time spent in this place.
 B = Non-inter-level travel time spent in this place.
 C = Inter-level travel time spent in this place.
 D = Time resting spent in this place.
 E = Time spent auto-exploring this place.
 F = Levels seen in this place.
 G = Mean time per level.
                   A        B        C        D        E       F      G
               +--------+--------+--------+--------+--------+-----+--------+
         Total |   3571 |   3407 |    164 |    910 |   2024 |   5 |  714.2 |
       Dungeon |   3571 |   3407 |    164 |    910 |   2024 |   5 |  714.2 |
               +--------+--------+--------+--------+--------+-----+--------+

Top non-repeatable levels by time:
     D:2: 1476 daAuts
     D:1: 964 daAuts
     D:3: 885 daAuts
     D:4: 237 daAuts
     D:5: 7 daAuts
